Map: Golden Wall LE

Players

Camello

  • Race: Protoss Protoss
  • League: Silver
  • Spawn Location: 5:00

redbusman - Winner!

  • Race: Terran Terran
  • League: Silver
  • Spawn Location: 7:00

VOD

Have the link to the VOD?

Description

Time

  • Played on: July 26, 2020, 7:52 p.m.
  • Length: 17:18
Show
View Real Time Build Order
Export as new Build Order

Camello Protoss 

Build Orders: Oracle Opening 

Get SALT Encoding   

  12  0:01  Probe  
  13  0:15  Pylon  
  13  0:18  Probe  
  14  0:25  Assimilator  
  14  0:30  Probe  
  15  0:42  Gateway  
  15  0:44  Probe  
  16  0:57  Probe  
  16  1:03  Pylon  
  17  1:07  Assimilator, Probe  
  18  1:15  Probe  
  18  1:23  Probe  
  20  1:47  Cybernetics Core, Probe  
  20  1:51  Zealot  
  23  2:00  Probe  
  24  2:21  Warp Gate  
  24  2:23  Stalker  
  24  2:28  Stargate  
  26  2:38  Probe  
  27  2:45  Pylon  
  27  2:53  Stalker  
  29  3:04  Oracle  
  32  3:23  Probe  
  33  3:28  Stalker  
  35  3:40  Probe  
  36  3:41  Oracle  
  39  3:51  Nexus  
  39  4:09  Pylon  
  39  4:11  Pylon  
  39  4:21  Stalker  
  38  4:42  Probe  
  36  5:03  Probe  
  36  5:05  Probe  
  38  5:11  Stalker  
  40  5:18  Pylon, Void Ray  
  40  5:20  Pylon  
  44  5:35  Zealot  
  46  5:37  Twilight Council  
  46  5:43  Gateway  
  46  5:46  Gateway  
  46  5:53  Gateway  
  46  5:58  Probe x2  
  46  6:01  Void Ray  
  46  6:02  Assimilator  
  52  6:07  Pylon  
  52  6:10  Stalker, Probe  
  55  6:15  Charge  
  53  6:40  Zealot x2  
  53  6:41  Zealot  
  59  6:48  Void Ray  
  59  6:51  Zealot  
  65  7:26  Zealot x2  
  65  7:27  Zealot x2  
  73  7:40  Forge  
  73  7:43  Forge  
  73  7:46  Pylon  
  73  7:48  Pylon, Probe x2  
  75  7:58  Zealot x3  
  75  7:59  Zealot  
  75  8:00  Probe  
  75  8:02  Blink  
  62  8:33  Void Ray  
  42  8:35  Zealot x2  
  42  8:36  Zealot x2  
  50  8:56  Stalker x4  
  58  9:11  Protoss Ground Weapons Level 1  
  58  9:12  Protoss Ground Armor Level 1, Void Ray  
  62  9:24  Protoss Air Weapons Level 1  
  62  9:25  Probe x2  
  64  9:32  Stalker x2  
  64  9:33  Zealot x2  
  64  9:37  Dark Shrine, Probe  
  41  10:22  Zealot x3  
  41  10:23  Zealot  
  41  10:28  Assimilator  
  49  10:44  Nexus  
  49  10:45  Zealot x2  
  49  10:46  Zealot x2  
  57  11:18  Dark Templar x3  
  59  11:19  Dark Templar  
  41  11:56  Dark Templar x2  
  41  11:57  Dark Templar x2  
  30  12:37  Probe  
  30  12:38  Probe  
  32  12:45  Probe  
  32  12:46  Probe  
  32  12:51  Stalker x4  
  38  12:54  Probe x2  
  44  13:04  Probe  
  44  13:05  Probe  
  44  13:12  Probe  
  46  13:13  Probe  
  48  13:20  Dark Templar x3  
  48  13:21  Probe x2  
  48  13:25  Nexus  
  56  13:33  Probe x2  
  52  13:45  Probe x2  
  54  13:54  Dark Templar x4  
  50  14:06  Assimilator  
  50  14:07  Probe  
  51  14:16  Probe  
  52  14:19  Probe  
  53  14:27  Dark Templar  
  53  14:28  Probe  
  56  14:31  Zealot  
  56  14:32  Zealot, Probe  
  56  14:34  Archon x2  
  56  14:35  Archon x2  
  56  14:37  Probe  
  56  14:38  Zealot  
  63  14:40  Probe  
  63  14:45  Probe  
  66  15:02  Probe  
  66  15:05  Probe  
  68  15:14  Assimilator, Probe  
  68  15:17  Probe  
  68  15:20  Dark Templar  
  68  15:21  Dark Templar  
  74  15:22  Zealot x2  
  74  15:26  Probe  
  67  15:30  Probe  
  32  16:04  Pylon  
  32  16:06  Pylon  
  32  16:08  Pylon  
  31  16:23  Zealot x2  
  35  16:31  Gateway  
  35  16:34  Gateway  
Show
View Real Time Build Order
Export as new Build Order

redbusman Terran - Winner!

Build Orders:  

Get SALT Encoding   

  12  0:02  SCV  
  14  0:14  SCV  
  14  0:22  Supply Depot  
  14  0:38  Refinery, SCV  
  15  0:48  Barracks  
  15  0:50  SCV  
  16  1:05  SCV  
  17  1:18  SCV  
  18  1:30  SCV  
  19  1:35  Marine  
  20  1:41  Command Center  
  20  1:47  Orbital Command  
  20  1:54  Barracks Reactor  
  20  2:11  Factory  
  20  2:14  Supply Depot, SCV  
  21  2:26  SCV  
  21  2:28  Refinery  
  22  2:38  SCV  
  22  2:41  Supply Depot  
  23  2:50  SCV  
  24  2:58  Orbital Command  
  24  3:00  Marine x2  
  26  3:07  Widow Mine  
  28  3:24  Starport, Marine x2  
  30  3:27  SCV  
  31  3:42  Marine x2  
  31  3:45  SCV  
  34  3:48  SCV  
  37  3:56  Widow Mine  
  37  3:57  SCV  
  37  3:59  Marine  
  37  4:00  SCV  
  40  4:04  Starport Reactor  
  40  4:08  Starport Tech Lab  
  40  4:09  SCV  
  41  4:12  SCV  
  42  4:17  Marine x2, Barracks  
  42  4:18  Barracks  
  42  4:19  Barracks  
  42  4:21  SCV  
  44  4:25  SCV  
  45  4:33  SCV  
  45  4:35  Marine  
  45  4:37  SCV  
  48  4:42  Factory Tech Lab  
  48  4:47  SCV  
  48  4:51  SCV  
  50  4:55  Marine x2  
  50  4:59  SCV  
  52  5:03  SCV  
  53  5:11  SCV  
  54  5:16  Engineering Bay  
  54  5:26  Supply Depot  
  54  5:27  Supply Depot  
  54  5:28  Supply Depot  
  54  5:31  SCV x2  
  56  5:37  Supply Depot x2  
  56  5:38  Supply Depot  
  56  5:40  Starport Tech Lab  
  56  5:42  Combat Shield  
  56  5:44  SCV x2  
  56  5:45  Terran Infantry Weapons Level 1  
  58  5:54  Missile Turret x2  
  58  5:56  Marine x2, SCV  
  61  6:03  Refinery  
  61  6:14  Marine x2  
  61  6:15  Stimpack  
  63  6:25  Barracks Reactor  
  63  6:32  Marine x2  
  64  6:35  Marine x2  
  64  6:38  Medivac  
  68  6:47  Refinery  
  68  6:49  Marine  
  68  6:50  Marine  
  68  6:53  Marine x2  
  72  7:07  Marine x2  
  72  7:08  Medivac  
  75  7:11  Marine x2  
  76  7:23  Marine x2  
  76  7:25  Marine x2  
  76  7:28  Marine  
  76  7:29  Marine, Factory Tech Lab  
  82  7:38  Medivac  
  82  7:39  Terran Infantry Armor Level 1  
  82  7:41  Marine x2  
  82  7:43  Marine x2  
  88  7:46  Marine x2  
  90  7:51  Armory  
  90  7:53  Missile Turret  
  90  7:57  Missile Turret  
  90  7:59  Marine x2  
  90  8:00  Missile Turret  
  90  8:01  Marine x2  
  90  8:04  Marine x2  
  96  8:08  Medivac  
  96  8:11  Engineering Bay  
  98  8:16  Marine  
  98  8:17  Marine  
  98  8:19  Marine x2  
  97  8:22  Marine x2  
  70  8:34  Marine x2  
  70  8:36  Marine  
  70  8:37  Marine  
  70  8:38  Medivac  
  70  8:40  Marine x2  
  74  8:52  Marine x2  
  74  8:54  Marine x2  
  78  8:57  Marine  
  78  8:58  Marine  
  80  9:06  Starport  
  80  9:08  Medivac, Barracks  
  80  9:09  Barracks  
  82  9:10  Marine x2  
  82  9:12  Marine x2  
  82  9:15  Marine x2  
  88  9:28  Marine x2  
  88  9:30  Marine x2  
  92  9:32  Command Center  
  92  9:33  Marine x2  
  92  9:34  Hi-Sec Auto Tracking  
  92  9:38  Medivac  
  96  9:51  Marine x2  
  96  9:52  Terran Infantry Weapons Level 2  
  97  10:08  Medivac  
  97  10:16  Marine x6  
  97  10:19  Missile Turret x2  
  97  10:21  Barracks Reactor  
  103  10:22  Barracks Reactor  
  103  10:30  Terran Infantry Armor Level 2  
  103  10:33  Marine  
  103  10:34  Marine x5  
  109  10:43  Medivac  
  109  10:46  Supply Depot x2  
  109  10:47  Supply Depot  
  109  10:48  Supply Depot  
  111  10:51  Marine  
  112  11:06  Marine x8  
  112  11:07  Marine  
  112  11:09  Marine  
  122  11:23  Marine x2  
  124  11:27  Marine x5  
  124  11:28  Marine x3  
  132  11:41  Marine x2  
  106  11:54  Marine x5  
  106  11:55  Marine x3  
  106  11:59  Marine x2  
  96  12:08  Neosteel Armor  
  96  12:12  Marine x3  
  80  12:41  Raven  
  80  12:43  Marine  
  80  12:44  Marine x8  
  84  12:45  Marine  
  84  12:50  Refinery  
  92  12:52  Refinery  
  92  12:53  Planetary Fortress  
  92  13:01  Marine x2  
  94  13:15  Missile Turret  
  94  13:16  Missile Turret  
  94  13:22  Marine x5  
  94  13:23  Marine x5  
  94  13:24  Raven  
  105  13:40  Marine x6  
  105  13:41  Marine x2  
  109  14:06  Command Center  
  109  14:07  Raven  
  111  14:11  Missile Turret  
  111  14:14  Missile Turret  
  111  14:39  Marine x5  
  111  14:40  Marine x5  
  121  14:49  Raven  
  123  14:57  Marine x7  
  123  14:58  Marine x3  
  133  15:15  Marine x3  
  136  15:32  Raven  
  128  16:20  Marine x8  
  128  16:21  Marine x2  
  136  16:37  Marine  
  136  16:38  Marine x9  
  146  16:55  Marine x2  
Tags
 
Add a new tag
Caveats
  • Supply blocks, unpowered buildings, or Contaminate may cause inaccurate times.
  • Supply counts are checked every 10 seconds.